 Dungeon Crawl Stone Soup version 0.22.1-1-ga44c0e56f4 (webtiles) character file.

7788 Jynx the Bludgeoner (level 11, -4/60 HPs)
             Began as a Gargoyle Fighter on Oct 19, 2018.
             Was a High Priest of Okawaru.
             Slain by a komodo dragon (15 damage)
             ... on level 1 of the Lair of Beasts.
             The game lasted 00:15:01 (9679 turns).

Jynx the Bludgeoner (Gargoyle Fighter)              Turns: 9679, Time: 00:15:02

Health: -4/60      AC: 23    Str: 27    XL:     11   Next: 20%
Magic:  9/11       EV:  9    Int: 10    God:    Okawaru [*****.]
Gold:   432        SH: 12    Dex: 11    Spells: 10/10 levels left

rFire    . . .     SeeInvis .   o - +3 flail
rCold    x . .     Gourm    .   c - +0 shield
rNeg     + . .     Faith    .   L - +0 chain mail
rPois    ∞         Spirit   .   s - +0 helmet
rElec    +         Reflect  .   (no cloak)
rCorr    .         Harm     .   (no gloves)
MR       ++...                  q - +2 pair of boots
Stlth    ..........             C - amulet of the acrobat
HPRegen  0.20/turn              k - +4 ring of strength
MPRegen  0.12/turn              a - ring of Nootenug {+Fly rC- MR++ Str+3}

@: heroism
A: negative energy resistance 1, electricity resistance, unbreathing,
petrification resistance, rot immunity, AC +8
a: Heroism, Finesse, Renounce Religion, Evoke Flight


You were on level 1 of the Lair of Beasts.
You worshipped Okawaru.
Okawaru was extremely pleased with you.
You were not hungry.

You visited 3 branches of the dungeon, and saw 11 of its levels.
You also visited: Ossuary.

You collected 432 gold pieces.

Inventory:

Hand Weapons
 o - a +3 flail (weapon)
Armour
 c - a +0 shield (worn)
 q - a +2 pair of boots (worn)
 s - a +0 helmet (worn)
 L - a +0 chain mail (worn)
Jewellery
 a - the ring of Nootenug (right hand) {+Fly rC- MR++ Str+3}
   (You found it on level 5 of the Dungeon)

   [ring of strength]

   It affects your strength (+3).
   It makes you vulnerable to cold.
   It affects your resistance to hostile enchantments.
   It lets you fly.
 k - a +4 ring of strength (left hand)
 C - an amulet of the acrobat (around neck)
Wands
 x - a wand of iceblast (21)
 A - a wand of random effects (19)
 F - a wand of disintegration (10)
 I - a wand of digging (8)
 M - a wand of paralysis (11)
Scrolls
 i - 3 scrolls of blinking
 j - 6 scrolls of teleportation
 l - 2 scrolls of enchant armour {unknown}
 n - 2 scrolls of amnesia {unknown}
 p - a scroll of fear {unknown}
 t - 4 scrolls of fog {unknown}
 u - 2 scrolls of remove curse {unknown}
 w - a scroll of summoning {unknown}
 y - a scroll of noise {unknown}
 D - a scroll of acquirement {unknown}
 E - 2 scrolls of magic mapping {unknown}
 O - a scroll of holy word {unknown}
Potions
 d - 4 potions of might
 e - 7 potions of curing
 g - 3 potions of mutation
 h - 4 potions of agility
 m - 2 potions of berserk rage
 r - a potion of resistance
 v - 3 potions of invisibility
 z - a potion of degeneration {unknown}
 B - 3 potions of magic {unknown}
 G - 4 potions of haste
 H - a potion of ambrosia {unknown}
 J - a potion of flight {unknown}
 K - a potion of heal wounds {unknown}
Miscellaneous
 N - a phial of floods
Comestibles
 f - 17 rations


   Skills:
 + Level 3.7(8.7) Fighting
 - Level 15.8(20.8) Maces & Flails
 + Level 3.7(8.7) Armour
 + Level 3.7(8.7) Shields


You had 10 spell levels left.
You didn't know any spells.
Your spell library contained the following spells:

 Spells                   Type           Power        Failure   Level  Hunger
 Summon Small Mammal      Summ           #...         99%         1    ##.....
 Call Imp                 Summ           #.......     99%         2    ###....
 Call Canine Familiar     Summ           #.......     100%        3    ####...
 Summon Guardian Golem    Hex/Summ       #.......     100%        3    ####...
 Summon Ice Beast         Ice/Summ       #.......     100%        4    #####..
 Summon Lightning Spire   Summ/Air       #.......     100%        4    #####..


Dungeon Overview and Level Annotations

Branches:
Dungeon (8/15)             Temple (1/1) D:6            Lair (2/6) D:8
  Swamp: Lair:2-4    Shoals: Lair:2-4     Snake: Lair:2-4    Spider: Lair:2-4

Altars:
Ashenzari
Cheibriados
Dithmenos
Elyvilon
Fedhas
Gozag
Hepliaklqana
Makhleb
Nemelex Xobeh
Okawaru
Qazlal
Ru
Sif Muna
Trog
Uskayaw
Vehumet
Wu Jian
Xom
Yredelemnul
Zin
The Shining One

Shops:
D:4 (*?}}   D:5 [   D:8 [


Innate Abilities, Weirdness & Mutations

You are resistant to torment.
Your stone body is resilient. (AC +8)
You are immune to poison.
You resist negative energy. (rN+)
You are resistant to electric shocks. (rElec)
You can survive without breathing.
You are immune to petrification.
You are immune to rotting.


Message History

The komodo dragon bites you! You block the water moccasin's attack.
The komodo dragon bites you!!
* * * LOW HITPOINT WARNING * * *
The water moccasin bites you but does no damage.
You climb upwards.
There is a stone staircase leading down here.
Unknown command.
You gain the combat prowess of a mighty hero.
You block the komodo dragon's attack. The water moccasin bites you.
* * * LOW HITPOINT WARNING * * *
Okay, then.
You bludgeon the komodo dragon!!
The komodo dragon is almost dead.
The water moccasin bites you but does no damage.
You block the komodo dragon's attack.
You hit the komodo dragon.
The komodo dragon is almost dead.
The water moccasin bites you but does no damage.
The komodo dragon bites you!
You die...

...........#'######....(.........
.................................
.................................
.............##'####.............
..P..........#.....#.............
..#P##.......+...................
#'####.............#.....#.#....#
#...#........#...S.'....#####.###
#...##..........@..÷.....#.....##
#...##...........l.#....##.....##
#...##.............#....##.....#.
#...##.............#....#........
.####........P.....#.....###P####
#.##.#.......#.....#....#######..
.............#.#.###.............
.................................
.................................


You could see a komodo dragon and a water moccasin.

Vanquished Creatures
  Harold (D:8)
  A hydra (D:8)
  4 spiny frogs (Lair:1)
  Grinder (D:6)
  A troll (D:8)
  3 blink frogs
  2 dream sheep (D:8)
  2 yaks (D:8)
  3 water moccasins (Lair:1)
  A phantom (D:7)
  3 ogres
  3 centaurs (D:7)
  10 wolves
  A crocodile (Lair:1)
  3 big kobolds (D:8)
  4 bullfrogs
  A wyvern zombie (D:6)
  2 scorpions
  A howler monkey (D:7)
  3 electric eels (D:8)
  2 bullfrog zombies
  A centaur skeleton (D:6)
  3 jellies
  A bullfrog skeleton (D:8)
  3 hounds
  3 orc priests
  2 worker ants (D:4)
  An iguana (D:6)
  4 orc wizards
  Natasha (thrice) (D:3)
  2 howler monkey zombies
  12 mummies (Ossuary)
  8 adders
  2 worms (D:4)
  2 dart slugs
  5 leopard geckos
  23 orcs
  5 bats
  3 giant cockroaches
  7 goblins
  4 hobgoblins
  5 jackals
  5 quokkas
  5 frilled lizards
  A gnoll skeleton (Ossuary)
  2 goblin skeletons (Ossuary)
  A jackal skeleton (D:4)
  8 kobolds
  2 kobold skeletons (Ossuary)
  3 orc skeletons (Ossuary)
  7 rats
  11 rat skeletons (Ossuary)
196 creatures vanquished.

Vanquished Creatures (others)
  A fungus (Lair:1)
1 creature vanquished.

Grand Total: 197 creatures vanquished

Notes
Turn   | Place    | Note
-------+----------+-------------------------------------------
     0 | D:1      | Jynx the Gargoyle Fighter began the quest for the Orb.
     0 | D:1      | Reached XP level 1. HP: 14/14 MP: 1/1
   318 | D:1      | Reached XP level 2. HP: 16/19 MP: 2/2
   551 | D:1      | Reached skill level 3 in Maces & Flails
   867 | D:2      | Reached XP level 3. HP: 16/23 MP: 3/3
  1108 | D:2      | Found a sparkling altar of Nemelex Xobeh.
  1112 | D:2      | Reached skill level 4 in Maces & Flails
  1175 | D:2      | Reached XP level 4. HP: 28/28 MP: 4/4
  1790 | D:3      | Noticed Natasha
  1800 | D:3      | Killed Natasha
  1800 | D:3      | Reached skill level 5 in Maces & Flails
  1800 | D:3      | Reached XP level 5. HP: 20/32 MP: 5/5
  1931 | D:3      | Noticed Natasha
  1937 | D:3      | Killed Natasha
  2035 | D:3      | Noticed Natasha
  2040 | D:3      | Killed Natasha
  2057 | D:3      | Found a deep blue altar of Sif Muna.
  2320 | D:3      | Reached skill level 6 in Maces & Flails
  2320 | D:3      | Reached XP level 6. HP: 22/37 MP: 6/6
  2676 | D:4      | Found Hoimn's Gadget Shoppe.
  2855 | D:4      | Reached skill level 7 in Maces & Flails
  2903 | D:4      | Found Ycugeos's Antique Weapon Shop.
  2910 | D:4      | Found Vajon's General Store.
  2933 | D:4      | Found a burning altar of Makhleb.
  2942 | D:4      | Found a glowing silver altar of Zin.
  2942 | D:4      | Noticed an angel
  2943 | D:4      | Noticed a blizzard demon
  2986 | D:4      | Found Xasoh's Magic Scroll Shop.
  3023 | D:4      | Found Itevaquk's Gadget Shop.
  3040 | D:5      | Entered Level 5 of the Dungeon
  3042 | D:5      | Found Sukischa's Armour Shoppe.
  3205 | D:5      | Got a transparent ivory ring
  3484 | D:5      | Found a shadowy altar of Dithmenos.
  3803 | D:6      | Reached XP level 7. HP: 39/41 MP: 7/7
  3927 | D:6      | Found a sand-covered staircase.
  3932 | Ossuary  | Entered an ossuary
  4165 | Ossuary  | Reached skill level 8 in Maces & Flails
  4337 | Ossuary  | Identified the ring of Nootenug {+Fly rC- MR++ Str+3} (You
                  | found it on level 5 of the Dungeon)
  4842 | D:6      | Reached skill level 9 in Maces & Flails
  4842 | D:6      | Reached XP level 8. HP: 43/46 MP: 8/8
  4905 | D:6      | Found a staircase to the Ecumenical Temple.
  4918 | Temple   | Entered the Ecumenical Temple
  4938 | Temple   | Became a worshipper of Warmaster Okawaru
  5145 | D:6      | Noticed Grinder
  5161 | D:6      | Killed Grinder
  5206 | D:6      | Found a stormy altar of Qazlal.
  5372 | D:6      | Reached skill level 10 in Maces & Flails
  5584 | D:7      | Reached * piety under Okawaru
  5875 | D:7      | Reached skill level 11 in Maces & Flails
  5994 | D:7      | Reached XP level 9. HP: 51/51 MP: 9/9
  6303 | D:8      | Found Wasuzuischy's Antique Armour Shoppe.
  6641 | D:8      | Reached skill level 12 in Maces & Flails
  6644 | D:8      | Reached ** piety under Okawaru
  6784 | D:8      | Noticed a troll
  6813 | D:8      | Killed a troll
  7261 | D:8      | Found a staircase to the Lair.
  7642 | D:8      | Noticed Harold
  7655 | D:8      | Killed Harold
  7655 | D:8      | Reached *** piety under Okawaru
  7655 | D:8      | Reached skill level 13 in Maces & Flails
  7655 | D:8      | Reached XP level 10. HP: 29/56 MP: 7/10
  7838 | D:8      | Reached skill level 14 in Maces & Flails
  7980 | D:8      | Noticed a three-headed hydra
  7991 | D:8      | Killed a three-headed hydra
  7991 | D:8      | Reached **** piety under Okawaru
  8175 | Lair:1   | Entered Level 1 of the Lair of Beasts
  8270 | Lair:1   | Noticed a spiny frog
  8283 | Lair:1   | Killed a spiny frog
  8421 | Lair:1   | Reached skill level 15 in Maces & Flails
  8553 | Lair:1   | Noticed a spiny frog
  8563 | Lair:1   | Killed a spiny frog
  8651 | Lair:1   | Noticed a spiny frog
  8658 | Lair:1   | Killed a spiny frog
  8680 | Lair:1   | Reached ***** piety under Okawaru
  9085 | Lair:1   | Reached XP level 11. HP: 53/60 MP: 11/11
  9679 | Lair:1   | Slain by a komodo dragon

Skill      XL: |  1  2  3  4  5  6  7  8  9 10 |
---------------+-------------------------------+-----
Maces & Flails | 3 4 5 6 7 9 11 13 15 | 15.8
Fighting       | |  3.7
Armour         | |  3.7
Shields        | |  3.7

Action                   |  1- 3 |  4- 6 |  7- 9 | 10-12 || total
-------------------------+-------+-------+-------+-------++-------
Melee: Flail             |   126 |   200 |   299 |   180 ||   805
Invok: Heroism           |       |       |     2 |     2 ||     4
  Use: Scroll            |     4 |       |     6 |     1 ||    11
  Eat: Chunk             |     1 |     8 |     6 |     3 ||    18
       Ration            |       |       |     2 |     1 ||     3
Armor: Scale mail        |    60 |   123 |    90 |    29 ||   302
       Chain mail        |       |       |       |    37 ||    37
Dodge: Dodged            |    41 |    53 |    69 |    55 ||   218
Block: Shield            |    68 |   124 |   100 |    91 ||   383
